 Dungeon Crawl Stone Soup version 0.31-a0-188-g5e087ee2ca (webtiles) character file.

Game seed: 5094147075609720376

2796 Dylgear the Cleaver (level 10, -1/71 HPs)
             Began as a Formicid Fighter on June 23, 2023.
             Was a Believer of Wu Jian.
             Slain by a vampire
             ... wielding a +0 vampiric halberd
              (10 damage)
             ... in a bailey.
             The game lasted 00:34:14 (6700 turns).

Dylgear the Cleaver (Formicid Fighter)              Turns: 6700, Time: 00:34:15

Health: -1/71      AC: 13    Str: 24    XL:     10   Next: 2%
Magic:  10/10      EV: 13    Int:  7    God:    Wu Jian [**....]
Gold:   418        SH:  6    Dex: 15    Spells: 9/9 levels left

rFire   . . .        a - +0 war axe
rCold   . . .        c - +0 buckler
rNeg    . . .        j - +0 chain mail
rPois   .            (helmet unavailable)
rElec   .            (no cloak)
rCorr   .            (no gloves)
SInv    +            k - +2 pair of boots
Will    +....        e - amulet of faith Stlth
                     d - +5 ring of evasion
HPRegen 0.31/turn    (no ring)
MPRegen 0.12/turn

%: faith
@: no status effects
A: permanent stasis, dig shafts and tunnels, antennae 3, four strong arms
a: Dig, Renounce Religion, Wall Jump


You were in a bailey.
You worshipped Wu Jian.
Wu Jian was pleased with you.
You visited 2 branches of the dungeon, and saw 8 of its levels.
You also visited: Bailey.

You collected 418 gold pieces.

Inventory:

Hand Weapons
 a - a +0 war axe (weapon)
 h - a +0 flail
 p - a +1 scythe of freezing
 s - a +3 hand axe
Missiles
 m - a throwing net
Armour
 c - a +0 buckler (worn)
 j - a +0 chain mail (worn)
 k - a +2 pair of boots (worn)
 r - a +0 plate armour
 t - the +2 buckler of the Game of Kings {Harm rElec rC- Will+}
   (You found it in a bailey)

   rC:        It makes you vulnerable to cold.
   rElec:     It insulates you from electricity.
   Harm:      It increases damage dealt and taken.
   Will:      It increases your willpower.
Jewellery
 d - a +5 ring of evasion (left hand)
 e - an amulet of faith (around neck)
Wands
 l - a wand of charming (4)
 n - a wand of iceblast (7)
Scrolls
 o - a scroll of enchant armour
 q - a scroll of revelation
Potions
 b - a potion of enlightenment
 f - 5 potions of curing
 g - 3 potions of brilliance
 i - a potion of heal wounds


   Skills:
 - Level 4.0 Fighting
 * Level 10.5 Axes
 * Level 7.2 Armour
 - Level 0.2 Dodging
 * Level 7.7 Shields


You had 9 spell levels left.
You didn't know any spells.
Your spell library contained the following spells:

 Spells                   Type           Power      Damage    Failure   Level
 Beastly Appendage        Tmut           0%         N/A       95%         1
 Wereblood                Tmut           0%         N/A       98%         2
 Spider Form              Tmut/Pois      0%         N/A       100%        3
 Tukima's Dance           Hex            0%         N/A       100%        3
 Passage of Golubria      Tloc           0%         N/A       100%        4
 Yara's Violent Unravell  Hex/Tmut       0%         3d3       100%        5


Dungeon Overview and Level Annotations

Branches:
Dungeon (7/15)             Temple (1/1) D:6          Bailey (1/1)

Altars:
Cheibriados
Dithmenos
Elyvilon
Fedhas
Gozag
Hepliaklqana
Kikubaaqudgha
Makhleb
Nemelex Xobeh
Okawaru
Qazlal
Sif Muna
Trog
Uskayaw
Vehumet
Wu Jian
Xom
Yredelemnul
Zin
The Shining One


Innate Abilities, Weirdness & Mutations

You cannot be hasted, slowed, berserked, paralysed or teleported.
You can dig through walls and to a lower floor.
You have a pair of large antennae on your head. (SInv)
Your four strong arms can wield two-handed weapons with a shield.


Message History

The vampire completely misses you. The vampire closely misses you.
You barely miss the vampire.
The vampire is severely damaged.
The vampire hits you but does no damage.
The vampire bites you but does no damage.
You barely miss the vampire.
The vampire is severely damaged.
The vampire barely misses you. The vampire misses you.
You closely miss the vampire.
The vampire is severely damaged.
The vampire draws life force from you!
The vampire is healed by the life force!
You closely miss the vampire.
The vampire is heavily damaged.
You block the vampire's attack. The vampire barely misses you.
You barely miss the vampire.
The vampire is heavily damaged.
The vampire hits you with a +0 vampiric halberd!
The vampire bites you.
The vampire draws strength from your injuries!
You hit the vampire but do no damage.
The vampire is heavily damaged.
You barely miss the vampire.
The vampire is heavily damaged.
The vampire closely misses you.
The vampire bites you but does no damage.
You closely miss the vampire.
The vampire is heavily damaged.
The vampire hits you with a +0 vampiric halberd!
* * * LOW HITPOINT WARNING * * *
The vampire completely misses you.
You slash the vampire!
The vampire is severely damaged.
The vampire barely misses you. The vampire bites you!
* * * LOW HITPOINT WARNING * * *
The vampire draws strength from your injuries!
You hit the vampire but do no damage.
The vampire is severely damaged.
The vampire completely misses you. The vampire bites you!
You die...

....##....#..#
.)..#....##..#
♣..##.))##...#
....##.......#
.....##....######
......#...##...8##
......#..##......##
......#..#...##.[.#
......#..'..####@:#
......#..'.V####V!#
###..8#..#...##.}8#
÷.#####8.##.....[##
.÷# ######...8##
..# ###### ###


You could see a vampire (invisible).

Vanquished Creatures
  A gargoyle (Bailey)
  Sigmund (D:5)
  A water moccasin (D:6)
  An orc warrior (D:5)
  An ice beast (D:5)
  2 ogres
  A phantom (D:4)
  Blork the orc (D:4)
  A wyvern zombie (D:6)
  A scorpion (D:5)
  2 bullfrogs (D:7)
  A necrophage (D:6)
  A gnoll sergeant (D:5)
  2 wights (D:6)
  8 wolf zombies (Bailey)
  A human zombie (D:6)
  2 orc priests
  2 jellies
  A bullfrog zombie (D:6)
  7 hounds
  3 orc wizards
  A sleepcap (D:6)
  3 killer bee zombies (D:6)
  3 mummies (D:6)
  13 adders
  4 gnolls (D:5)
  16 orc zombies (Bailey)
  A shadow imp (D:5)
  3 white imps
  2 ufetubi
  4 worms
  4 dart slugs
  17 orcs
  11 bats
  9 endoplasms
  3 giant cockroaches
  7 goblins
  14 hobgoblins
  10 kobolds
  6 quokkas
  7 ball pythons
  2 frilled lizards
  4 rats
185 creatures vanquished.

Notes
Turn   | Place    | Note
-------+----------+-------------------------------------------
     0 | D:1      | Dylgear the Formicid Fighter began the quest for the Orb.
     0 | D:1      | Reached XP level 1. HP: 18/18 MP: 1/1
   174 | D:1      | Reached XP level 2. HP: 18/24 MP: 2/2
   246 | D:1      | Reached XP level 3. HP: 30/30 MP: 3/3
   906 | D:2      | Reached XP level 4. HP: 37/37 MP: 4/4
   999 | D:2      | Noticed an ogre
  1006 | D:2      | Killed an ogre
  1007 | D:2      | Reached skill level 3 in Axes
  1007 | D:2      | Reached XP level 5. HP: 28/42 MP: 5/5
  1148 | D:2      | Reached skill level 5 in Shields
  1275 | D:2      | Reached skill level 4 in Axes
  1540 | D:3      | Reached XP level 6. HP: 41/48 MP: 6/6
  2464 | D:4      | Reached skill level 5 in Axes
  2470 | D:4      | Reached XP level 7. HP: 52/54 MP: 7/7
  2660 | D:5      | Entered Level 5 of the Dungeon
  3077 | D:5      | Reached skill level 6 in Axes
  3173 | D:5      | Found a shimmering altar of Xom.
  3174 | D:5      | Found a shimmering altar of Xom.
  3176 | D:5      | Found a shimmering altar of Xom.
  3202 | D:5      | Found a shimmering altar of Xom.
  3209 | D:5      | Noticed a water moccasin
  3317 | D:5      | Reached XP level 8. HP: 31/60 MP: 8/8
  3471 | D:5      | Found an iron altar of Okawaru.
  3471 | D:5      | Found a basalt altar of Yredelemnul.
  3594 | D:5      | Reached skill level 7 in Axes
  3594 | D:5      | Reached skill level 5 in Armour
  3594 | D:5      | Found a white marble altar of Elyvilon.
  3875 | D:5      | Noticed Blork the orc
  3875 | D:5      | Noticed Sigmund
  3910 | D:4      | Killed Blork the orc
  4208 | D:5      | Killed Sigmund
  4348 | D:5      | Reached skill level 8 in Axes
  4542 | D:6      | Found a sparkling altar of Nemelex Xobeh.
  4715 | D:6      | Found a staircase to the Ecumenical Temple.
  4738 | D:6      | Reached XP level 9. HP: 65/65 MP: 9/9
  4786 | Temple   | Entered the Ecumenical Temple
  4797 | Temple   | Became a worshipper of the Wu Jian Council
  5361 | D:6      | Reached skill level 9 in Axes
  5391 | D:6      | Found an ancient bone altar of Kikubaaqudgha.
  5785 | D:7      | Reached * piety under Wu Jian
  5786 | D:7      | Noticed a boulder beetle
  5787 | D:7      | Found a flagged portal.
  5929 | Bailey   | Entered a bailey
  6149 | Bailey   | Reached skill level 10 in Axes
  6283 | Bailey   | Reached ** piety under Wu Jian
  6419 | Bailey   | Noticed a gargoyle
  6459 | Bailey   | Killed a gargoyle
  6460 | Bailey   | Reached XP level 10. HP: 25/71 MP: 10/10
  6678 | Bailey   | Identified the +2 buckler of the Game of Kings {Harm rElec
                  | rC- Will+}
  6700 | Bailey   | Slain by a vampire

Illustrated notes

Levels and vault maps discovered:
D:1:      amcnicky_arrival_double_pillar, layout_loops_ring
D:2:      layout_basic, minmay_pentomino_p2
D:3:      layout_loops_ring
D:4:      layout_loops_ring, minmay_bent
D:5:      layout_basic, nicolae_overflow_squiral, mainiacjoe_overflow_catwalk,
          xom_redecorated, uniq_blork_the_orc, uniq_sigmund
D:6:      layout_cave_pods, lemuel_mausoleum_altar_kikubaaqudgha,
          lemuel_tele_altar, minmay_temple_entry_mini_moons
D:7:      layout_rooms, nicolae_ru_sacrificial_ziggurat, enter_bailey_5
Temple:   eino_temple_water
Bailey:   bailey_polearm_vampire_castle_hellmonk, bailey

Skill      XL: |  1  2  3  4  5  6  7  8  9 |
---------------+----------------------------+-----
Fighting       | 4 |  4.0
Axes           | 3 4 5 6 8 10 | 10.5
Shields        | 5 6 7 |  7.7
Armour         | 4 6 7 |  7.2
Dodging        | |  0.2

Action                     |  1- 3 |  4- 6 |  7- 9 | 10-12 || total
---------------------------+-------+-------+-------+-------++-------
  Melee: War axe           |    91 |   179 |   447 |    21 ||   738
Ability: Dig               |     1 |     3 |       |       ||     4
         Lunge             |       |       |    17 |     1 ||    18
         Whirlwind         |       |       |    10 |       ||    10
  Evoke: Wand              |       |       |     4 |       ||     4
    Use: Scroll            |     5 |     2 |     4 |       ||    11
         Potion            |       |     1 |     2 |       ||     3
 Armour: Scale mail        |    52 |    73 |    14 |       ||   139
         Chain mail        |       |       |   150 |     6 ||   156
  Dodge: Dodged            |    37 |   106 |   271 |    17 ||   431
  Block: Buckler           |    28 |    48 |   119 |     8 ||   203

Table legend: (Time is in decaauts)
 A = Elapsed time spent in this place.
 B = Non-inter-level travel time spent in this place.
 C = Inter-level travel time spent in this place.
 D = Time resting spent in this place.
 E = Time spent auto-exploring this place.
 F = Levels seen in this place.
 G = Mean time per level.
                   A        B        C        D        E       F      G
               +--------+--------+--------+--------+--------+-----+--------+
         Total |   6856 |   6494 |    362 |   1260 |   2022 |   9 |  761.8 |
       Dungeon |   5858 |   5510 |    348 |    971 |   1819 |   7 |  836.9 |
        Temple |    223 |    209 |     14 |      0 |    187 |   1 |  223.0 |
        Bailey |    773 |    773 |      0 |    289 |     16 |   1 |  773.0 |
               +--------+--------+--------+--------+--------+-----+--------+

Top non-repeatable levels by time:
     D:6: 1278 daAuts
     D:5: 1266 daAuts
     D:3: 975 daAuts
     D:2: 797 daAuts
  Bailey: 773 daAuts
     D:4: 762 daAuts
     D:1: 748 daAuts
  Temple: 223 daAuts
     D:7: 31 daAuts
